 Dungeon Crawl Stone Soup version 0.13.0-3-g966e3ec (webtiles) character file.

94 Narretz the Charmwright (level 3, 0/23 HPs)
             Began as a High Elf Skald on Oct 13, 2013.
             Slain by an adder (2 damage)
             ... on Level 2 of the Dungeon.
             The game lasted 00:07:26 (1660 turns).

Narretz the Charmwright (High Elf Skald)            Turns: 1660, Time: 00:07:26

HP   0/23        AC  3     Str 12      XL: 3   Next: 30%
MP   9/9         EV 10     Int 15      God:
Gold 54          SH  7     Dex 15      Spells:  2 memorised,  5 levels left

Res.Fire  : . . .   See Invis. : .   a - +0 elf falchion
Res.Cold  : . . .   Warding    : .   b - +0 elf leather armour
Life Prot.: . . .   Conserve   : .   g - +0 buckler (curse)
Res.Poison: .       Res.Corr.  : .   (no helmet)
Res.Elec. : .       Clarity    : +   (no cloak)
Sust.Abil.: . .     Spirit.Shd : .   (no gloves)
Res.Mut.  : .       Stasis     : .   (no boots)
Res.Rott. : .       Flight     : +   k - amulet of clarity {unknown}
Saprovore : . . .                    (no ring)
                                     (no ring)

@: flying, very slightly contaminated, slowed, very slow, slightly resistant to
hostile enchantments, unstealthy
A: no striking features
a: no special abilities


You were on level 2 of the Dungeon.
You were hungry.

You visited 1 branch of the dungeon, and saw 2 of its levels.

You collected 34 gold pieces.

Inventory:

Hand weapons
 a - a +0,+0 elven falchion (weapon)
Missiles
 e - 8 darts (quivered)
Armour
 b - a +0 elven leather armour (worn)
 g - a cursed +0 buckler (worn)
 r - a +1 ring mail of poison resistance
Comestibles
 d - a bread ration
 i - a chunk of giant newt flesh
 j - 17 sultanas
 l - 2 rotting chunks of worm flesh
 p - a rotting chunk of bat flesh
Scrolls
 m - a scroll of fog {unknown}
 n - a scroll of fear {unknown}
 o - a scroll of identify {unknown}
 t - a scroll of teleportation {unknown}
 u - a scroll of amnesia {unknown}
 v - a scroll of enchant armour {unknown}
Jewellery
 h - an uncursed ring of ice
 k - an amulet of clarity (around neck) {unknown}
Potions
 w - a potion of beneficial mutation {unknown}
Books
 c - a book of Battle

   Spells                             Type                      Level
   *Infusion                          Charms                       1
   Shroud of Golubria                 Charms/Translocation         2
   *Song of Slaying                   Charms                       2
   Spectral Weapon                    Hexes/Charms                 3
   Regeneration                       Charms/Necromancy            3
   Song of Shielding                  Charms                       4


   Skills:
 + Level 2.2 Fighting
 + Level 2.8 Long Blades
 + Level 0.8 Armour
 + Level 1.9 Dodging
 + Level 0.1 Shields
 + Level 3.1 Spellcasting
 + Level 4.1 Charms


You had 5 spell levels left.
You knew the following spells:

 Your Spells              Type           Power        Failure   Level  Hunger
a - Infusion              Chrm           ##....       6%          1    #......
b - Song of Slaying       Chrm           ##........   10%         2    ##.....


Dungeon Overview and Level Annotations

Branches:
Dungeon (2/27)

Altars:

Annotations:
D:1 exclusion: downstairs


Message History

Your attacks are no longer magically infused.
You are feeling hungry.
Your extra speed is starting to run out.
You feel yourself slow down.
A rat comes into view.
You block the rat's attack.
You hit the rat.
The rat is severely wounded.
The rat misses you.
You slash the rat!
You kill the rat!
The adder bites you.
* * * LOW HITPOINT WARNING * * *
Drink which item? (? for menu, Esc to quit)
You feel yourself slow down.
It was a potion of slowing.
The adder bites you but does no damage.
Drink which item? (? for menu, Esc to quit)
You feel very buoyant.
You fly up into the air.
It was a potion of flight.
The adder bites you.
You die...

#.)......# #...#
######........# #...#
#...##........# #...#
#...##........#######...#
####...##.##................
#...........................
#......##.##.......#####..S#
#..........%..............(.
#........%<@S......g........
#..................#####.##.
#..................# #.# .
#..................#####.##.
#......................S....
#.###.#...............(.....
#.# #.#.....................
#.# #.#..........#######....
#.# #.#..........# #####..#.


You could see a gnoll and an adder.

Vanquished Creatures
  A worm (D:2)
  An ooze (D:1)
  4 bats
  2 giant cockroaches
  3 goblins
  3 hobgoblins
  6 jackals
  4 kobolds
  A ball python (D:1)
  2 giant newts
  6 rats
33 creatures vanquished.

Notes
Turn   | Place    | Note
--------------------------------------------------------------
     0 | D:1      | Narretz, the High Elf Skald, began the quest for the Orb.
     0 | D:1      | Reached XP level 1. HP: 13/13 MP: 4/4
   256 | D:1      | Reached XP level 2. HP: 12/18 MP: 6/6
   569 | D:1      | Reached skill level 4 in Charms
  1117 | D:1      | Learned a level 2 spell: Song of Slaying
  1290 | D:2      | Reached XP level 3. HP: 17/23 MP: 9/9
  1660 | D:2      | Slain by an adder

Action                   || total
-------------------------++-------
Melee: Falchion          ||    90
Throw: Dart              ||    14
 Cast: Infusion          ||     8
       Song of Slaying   ||     1
  Use: Scroll            ||     1
       Potion            ||     3
